 Dungeon Crawl Stone Soup version 0.18-a0-946-g3ac5b32 (webtiles) character file.

68737 Eptagon the Necromancer (level 14, -8/127 HPs)
             Began as a Deep Dwarf Necromancer on Dec 29, 2015.
             Was the Champion of Makhleb.
             Mangled by an orc warrior
             ... wielding a cursed -1 long sword
             ... led by an orc warlord
              (25 damage)
             ... on level 2 of the Orcish Mines.
             The game lasted 01:38:52 (28213 turns).

Eptagon the Necromancer (Deep Dwarf Necromancer)   Turns: 28213, Time: 01:38:52

Health: -8/127     AC: 20    Str: 12      XL:     14   Next: 87%
Magic:  9/23       EV: 23    Int: 15 (17) God:    Makhleb [******]
Gold:   1448       SH:  7    Dex: 16      Spells: 6 memorised, 1 level left

rFire  + . .     SeeInvis +     a - +4 eveningstar (vamp)
rCold  + + +     Gourm    .     m - +5 leather armour "Elumeyrph" {rElec rC+++ Regen+ Str-4}
rNeg   + . .     Faith    .     Z - +2 buckler
rPois  +         Spirit   .     F - +2 helmet {SInv}
rElec  +         Dismiss  .     b - +2 cloak {rPois}
rCorr  .         Reflect  .     z - +2 pair of gloves {Dex+3}
SustAt .         Harm     .     (no boots)
MR     +++..                    e - amulet of rage
Stlth  ++........               A - +3 ring of evasion
                                k - ring of the Final Decision {rF+ MR+}

@: non-regenerating, extremely resistant to hostile enchantments, unstealthy
A: damage resistance, recharge devices, negative energy resistance 1, sense
surroundings 2, slow regeneration 3
a: Device Recharging, Minor Destruction, Lesser Servant of Makhleb, Major
Destruction, Greater Servant of Makhleb, Renounce Religion, Evoke Berserk Rage


You were on level 2 of the Orcish Mines.
You worshipped Makhleb.
Makhleb was exalted by your worship.
You were near starving.

You visited 4 branches of the dungeon, and saw 22 of its levels.
You also visited: Labyrinth, Sewer and Bailey.

You collected 1985 gold pieces.
You spent 537 gold pieces at shops.

Inventory:

Hand Weapons
 a - a +4 vampiric eveningstar (weapon)
Missiles
 O - 4 throwing nets (quivered)
Armour
 b - a +2 cloak of poison resistance (worn)
 m - the +5 leather armour "Elumeyrph" (worn) {rElec rC+++ Regen+ Str-4}
   (You found it on level 7 of the Lair of Beasts)

   It affects your strength (-4).
   It renders you almost immune to cold.
   It insulates you from electricity.
   It increases your rate of regeneration.
 z - a +2 pair of gloves of dexterity (worn)
 F - a +2 helmet of see invisible (worn)
 U - a +1 scale mail of cold resistance
 Z - a +2 buckler (worn)
Jewellery
 e - an amulet of rage (around neck)
 k - the ring of the Final Decision (left hand) {rF+ MR+}
   (You took it off a minotaur in a labyrinth)

   [ring of protection from magic]

   It protects you from fire.
   It affects your resistance to hostile enchantments.
 u - an uncursed ring of protection from fire
 A - a +3 ring of evasion (right hand)
 D - the ring of Exhibitionism {rElec Dex+3 SInv}
   (You found it on level 5 of the Dungeon)

   [ring of see invisible]

   It affects your dexterity (+3).
   It insulates you from electricity.
   It lets you see invisible.
Wands
 c - a wand of heal wounds (2/9)
 l - a wand of digging (10/24)
 y - a wand of heal wounds (5/9)
 C - a wand of fire (11/15)
 H - a wand of cold (6/15)
 I - a wand of fire (9/15)
 W - a wand of disintegration (15/24)
Scrolls
 f - 8 scrolls of remove curse
 g - 3 scrolls of amnesia
 j - a scroll of holy word
 t - 3 scrolls of magic mapping
 x - 2 scrolls of enchant armour
 B - 5 scrolls of fog
 N - 3 scrolls of identify
 T - a scroll of silence
 Y - a scroll of brand weapon
Potions
 i - 2 potions of cancellation
 n - 2 potions of invisibility
 p - 6 potions of curing
 q - 3 potions of might
 r - 5 potions of flight
 v - a potion of heal wounds
 E - a potion of cure mutation
 G - a potion of ambrosia
 J - 2 potions of agility
 K - 2 potions of haste
 S - 2 potions of brilliance
Books
 o - a book of the Sky

   Spells                             Type                      Level
   a - Summon Lightning Spire         Summoning/Air                4
   b - Airstrike                      Air                          4
   c - Silence                        Hexes/Air                    5
   d - Deflect Missiles               Charms/Air                   6
   e - Conjure Ball Lightning         Conjuration/Air              6
   f - Tornado                        Air                          9
Comestibles
 d - 12 bread rations
 h - 5 meat rations
 s - a beef jerky
 w - a chunk of flesh
 P - 31 fruits


   Skills:
 + Level 8.7 Fighting
 + Level 7.5 Maces & Flails
 + Level 14.6 Armour
 - Level 12.3 Dodging
 - Level 2.4 Stealth
 - Level 4.0 Shields
 - Level 6.0 Spellcasting
 + Level 1.4 Conjurations
 - Level 15.1 Necromancy


You had one spell level left.
You knew the following spells:

 Your Spells              Type           Power        Failure   Level  Hunger
a - Agony                 Necr           ######..     1%          5    ######.
b - Vampiric Draining     Necr           ######....   1%          3    ##.....
c - Control Undead        Necr           ######....   1%          4    ####...
d - Dispel Undead         Necr           ######..     1%          5    ######.
e - Bolt of Draining      Conj/Necr      ####......   17%         5    ######.
R - Repel Missiles        Chrm/Air       #.....       28%         2    #......


Dungeon Overview and Level Annotations

Branches:
Dungeon (11/15)            Temple (1/1) D:4            Lair (8/8) D:11
  Swamp (0/4) Lair:5        Snake (0/4) Lair:5        Slime (0/6) Lair:7
    Orc (2/2) D:11
    Elf: Orc:2

Altars:
Ashenzari
Cheibriados
Dithmenos
Elyvilon
Fedhas
Gozag
Kikubaaqudgha
Makhleb
Nemelex Xobeh
Okawaru
Pakellas
Qazlal
Ru
Sif Muna
Trog
Vehumet
Xom
Yredelemnul
Zin
The Shining One
Jiyva

Shops:
D:7 [   D:11 *   Orc:2 =([


Innate Abilities, Weirdness & Mutations

You are resistant to damage.
You can recharge devices by infusing magical energy.
You resist negative energy.
You passively map the area around you.
You do not regenerate naturally.


Message History

You hear a shout!
Casting: Vampiric Draining
Confirm with . or Enter, or press ? or * to list all spells.
Aiming: Vampiric Draining
Press: ? - help, Shift-Dir - straight line, f/p - troll
Aim: a troll (heavily wounded)
The troll is severely wounded.
You feel life coursing into your body.
Your surroundings suddenly seem different.
The orc shouts!
The orc wizard shouts!
The orc warrior shouts!
The orc knight shouts!
The orc warrior shouts!
The orc knight roars a battlecry!
The orcs go into a battle-frenzy!
The orc warrior shouts!
The orc warlord roars a battlecry!
The orcs go into a battle-frenzy!
You block the orc's attack.
The orc warrior hits you with a long sword!!
You die...

* *### ############### ,
#...#..#......#...#### ,
, .........$.....$......
, .......<..@o..........
* ,,
........)..o.......... *
,
.........oo.......#...,
, ........))).oo..#.#*
,, ...P..o...ooo......#
, ,*
,,.....P...oo...<...#..,
, ,.........h..<....##
..
.....,......P...o.......
., ......
.8................, ,


You could see an orc warlord, an orc knight (frenzied), a warg (wandering), 7
orc warriors, an orc wizard (frenzied) and 3 orcs.

Vanquished Creatures
  Maud (Orc:1)
  A minotaur (Lab)
  9 hydras
  A catoblepas (Lair:6)
  An ice dragon (Lair:8)
  A queen ant (D:11)
  An orc high priest (Orc:2)
  5 death yaks
  4 lindwurms (Lair:8)
  A griffon (Lair:7)
  3 ugly things (D:11)
  An orc knight (Bailey)
  3 orc sorcerers (Orc:2)
  9 black mambas
  A cyclops (D:11)
  Joseph (Lair:1)
  12 elephants
  7 torpor snails (Lair:8)
  Psyche (D:10)
  A centaur skeleton (D:11)
  5 fire drakes
  9 komodo dragons
  18 spiny frogs
  6 giant leeches (Lair:8)
  A merfolk (D:10)
  4 trolls
  2 polar bears
  2 two-headed ogres
  2 boulder beetles (Lair:8)
  2 vampires
  10 blink frogs
  2 spriggans
  25 yaks
  A human (D:10)
  3 basilisks
  3 wyverns
  A hungry ghost (D:11)
  4 hippogriffs
  12 water moccasins
  18 wolves
  A warg (Orc:2)
  4 nagas (Lair:5)
  11 porcupines
  20 soldier ants (D:11)
  A necrophage (D:6)
  4 black bears
  25 orc warriors
  5 sky beasts
  A phantom (D:5)
  11 ogres
  5 wasps
  4 ice beasts
  16 crocodiles
  6 centaurs
  5 big kobolds
  14 giant frogs
  6 gnoll sergeants
  4 scorpions
  A wyvern skeleton (D:11)
  3 killer bees (D:8)
  5 wights
  2 crimson imps
  An electric eel (Lair:7)
  12 hounds
  A giant frog zombie (D:10)
  7 orc priests
  12 iguanas
  10 orc wizards
  6 jellies
  Ijyb (D:4)
  9 sheep (Lair:8)
  A hell rat (D:11)
  25 worker ants
  2 killer bee zombies
  2 hound zombies (D:5)
  A worker ant zombie (D:4)
  5 adders
  10 gnolls
  44 river rats
  4 shadow imps
  An ooze (D:2)
  2 adder skeletons
  An adder zombie (D:5)
  20 worms
  2 giant geckos
  52 orcs
  2 giant cockroaches (D:1)
  18 goblins
  8 hobgoblins
  11 jackals
  26 kobolds
  4 quokkas
  5 ball pythons
  4 bats
  4 giant newts
  A quokka skeleton (D:5)
  A quokka zombie (D:8)
  35 rats
  A plant (Lair:8)
699 creatures vanquished.

Vanquished Creatures (collateral kills)
  The ghost of Mandevil the Martial Artist, a novice OpTm of Okawaru (D:9)
  A trapdoor spider zombie (D:9)
  Grum (D:9)
  A wolf (D:9)
  A necrophage (D:9)
  5 wights
  An orc wizard (D:9)
  A worker ant (D:9)
  2 orcs (D:9)
  A goblin (D:9)
15 creatures vanquished.

Vanquished Creatures (others)
  A hydra (Lair:8)
  An elephant (Lair:8)
  An orc (D:10)
  A bush (Lair:5)
  18 fungi
  33 plants
55 creatures vanquished.

Grand Total: 769 creatures vanquished

Notes
Turn   | Place    | Note
--------------------------------------------------------------
     0 | D:1      | Eptagon the Deep Dwarf Necromancer began the quest for the Orb.
     0 | D:1      | Reached XP level 1. HP: 15/15 MP: 3/3
   457 | D:1      | Reached XP level 2. HP: 22/22 MP: 2/4
   614 | D:1      | Reached skill level 1 in Armour
  1325 | D:2      | Reached skill level 5 in Necromancy
  1377 | D:2      | Reached XP level 3. HP: 28/28 MP: 2/5
  1434 | D:2      | Found a stormy altar of Qazlal.
  1460 | D:2      | Noticed an air elemental
  1461 | D:2      | Noticed a fire elemental
  1462 | D:2      | Noticed a water elemental
  1462 | D:2      | Noticed an earth elemental
  1577 | D:2      | Learned a level 3 spell: Vampiric Draining
  2859 | D:3      | Reached XP level 4. HP: 36/36 MP: 2/6
  3843 | D:4      | Reached skill level 6 in Necromancy
  3843 | D:4      | Reached XP level 5. HP: 33/42 MP: 0/7
  3914 | D:4      | Found a staircase to the Ecumenical Temple.
  3925 | Temple   | Entered the Ecumenical Temple
  4086 | Temple   | Became a worshipper of Makhleb the Destroyer
  4771 | D:4      | Noticed Ijyb
  4786 | D:4      | Killed Ijyb
  4864 | D:4      | Noticed an ogre
  4872 | D:4      | Killed an ogre
  4872 | D:4      | Reached XP level 6. HP: 14/49 MP: 1/8
  5247 | D:4      | Reached skill level 5 in Armour
  5427 | D:5      | Entered Level 5 of the Dungeon
  5444 | D:5      | Reached skill level 7 in Necromancy
  5560 | D:5      | Got a vibrating golden ring
  5562 | D:5      | Identified the ring of Exhibitionism {rElec Dex+3 SInv} (You found it on level 5 of the Dungeon)
  5598 | D:5      | Reached XP level 7. HP: 22/55 MP: 1/9
  5624 | D:5      | Found a glowing drain.
  5633 | Sewer    | Entered a sewer
  5639 | Sewer    | Reached * piety under Makhleb
  5950 | Sewer    | Found a glowing silver altar of Zin.
  6145 | D:5      | Learned a level 4 spell: Control Undead
  6770 | D:5      | Found an iron altar of Okawaru.
  6771 | D:5      | Found a white marble altar of Elyvilon.
  6861 | D:5      | Reached skill level 8 in Necromancy
  6947 | D:5      | Reached XP level 8. HP: 33/62 MP: 3/10
  7134 | D:6      | Found a shadowy altar of Dithmenos.
  7551 | D:6      | Reached skill level 5 in Dodging
  7637 | D:6      | Reached ** piety under Makhleb
  7966 | D:6      | Found a shattered altar of Ashenzari.
  8406 | D:6      | Reached skill level 9 in Necromancy
  8638 | D:6      | HP: 2/62 [orc warrior/glaive (8)]
  8814 | D:6      | Gained mutation: You passively map the area around you. [Deep Dwarf growth]
  8814 | D:6      | Reached XP level 9. HP: 20/65 MP: 11/11
  8930 | D:6      | Found a sparkling altar of Nemelex Xobeh.
  9036 | D:7      | Found a bloodstained altar of Trog.
  9307 | D:7      | Reached *** piety under Makhleb
  9517 | D:7      | Found Itozosh's Antique Armour Shoppe.
  9571 | D:7      | Bought a pair of glowing gloves for 130 gold pieces
  9571 | D:7      | Bought a runed helmet for 130 gold pieces
 10011 | D:7      | Reached skill level 10 in Necromancy
 10111 | D:7      | Found an ancient bone altar of Kikubaaqudgha.
 10856 | D:8      | Reached **** piety under Makhleb
 10942 | D:8      | Reached XP level 10. HP: 75/75 MP: 12/12
 11555 | D:9      | Noticed Mandevil's ghost (novice OpTm)
 11574 | D:9      | Noticed Grum
 11837 | D:9      | Reached ***** piety under Makhleb
 11860 | D:9      | Reached skill level 11 in Necromancy
 11922 | D:9      | Reached skill level 10 in Armour
 11960 | D:9      | Killed Grum
 11972 | D:9      | Killed Mandevil's ghost
 12006 | D:9      | Found a flagged portal.
 12063 | Bailey   | Entered a bailey
 12108 | Bailey   | Noticed an orc knight
 12803 | Bailey   | Killed an orc knight
 13658 | D:9      | Reached skill level 10 in Dodging
 13805 | D:9      | Reached XP level 11. HP: 81/81 MP: 2/13
 14192 | D:9      | Found a glowing golden altar of the Shining One.
 14419 | D:9      | Reached skill level 12 in Necromancy
 14760 | D:10     | Entered Level 10 of the Dungeon
 14887 | D:10     | Reached skill level 1 in Fighting
 15017 | D:10     | Learned a level 5 spell: Dispel Undead
 15022 | D:10     | Noticed Psyche
 15027 | D:10     | Killed Psyche
 15862 | D:11     | Found Lyraewnaf's General Store.
 15876 | D:11     | Bought a scroll of teleportation for 45 gold pieces
 15876 | D:11     | Bought a scroll of identify for 30 gold pieces
 15876 | D:11     | Bought a scroll of identify for 30 gold pieces
 15876 | D:11     | Bought a scroll of identify for 30 gold pieces
 15876 | D:11     | Bought a scroll of identify for 30 gold pieces
 15876 | D:11     | Bought a scroll of silence for 112 gold pieces
 15985 | D:11     | Noticed a queen ant
 15985 | D:11     | Reached ****** piety under Makhleb
 15996 | D:11     | Killed a queen ant
 16419 | D:11     | Found a staircase to the Lair.
 16496 | D:11     | Reached XP level 12. HP: 99/99 MP: 1/14
 16750 | D:11     | Reached skill level 13 in Necromancy
 16890 | D:11     | Found a staircase to the Orcish Mines.
 17091 | Lair:1   | Entered Level 1 of the Lair of Beasts
 17263 | Lair:1   | Noticed Joseph
 17307 | Lair:1   | Killed Joseph
 17307 | Lair:1   | Reached skill level 5 in Fighting
 19037 | Lair:2   | Noticed a six-headed hydra
 19048 | Lair:2   | Killed a six-headed hydra
 19744 | Lair:3   | Noticed a seven-headed hydra
 19756 | Lair:3   | Killed a seven-headed hydra
 20069 | Lair:3   | Noticed an eight-headed hydra
 20081 | Lair:3   | Killed an eight-headed hydra
 20126 | Lair:3   | Got a transparent garnet amulet
 20128 | Lair:3   | Identified the amulet "Cemefoy" {Inacc rElec rPois Int+2} (You found it on level 3 of the Lair of Beasts)
 20466 | Lair:3   | Noticed a four-headed hydra
 20479 | Lair:3   | Killed a four-headed hydra
 20479 | Lair:3   | Reached XP level 13. HP: 112/112 MP: 1/16
 20962 | Lair:4   | Reached skill level 14 in Necromancy
 22185 | Lair:5   | Found a labyrinth entrance.
 22201 | Lab      | Entered a labyrinth
 22314 | Lab      | Got a smoking pewter ring
 22332 | Lab      | Identified the ring of the Final Decision {rF+ MR+} (You took it off a minotaur in a labyrinth)
 22381 | Lair:5   | Learned a level 2 spell: Repel Missiles
 22414 | Lair:5   | Identified a scroll of acquirement
 22462 | Lair:5   | Found a staircase to the Snake Pit.
 22539 | Lair:5   | Reached skill level 1 in Shields
 22644 | Lair:5   | Found a staircase to the Swamp.
 22691 | Lair:5   | Reached skill level 1 in Maces & Flails
 23845 | Lair:6   | Reached skill level 5 in Spellcasting
 24271 | Lair:7   | Got a slimy leather armour
 24282 | Lair:7   | Identified the +5 leather armour "Elumeyrph" {rElec rC+++ Regen+ Str-4} (You found it on level 7 of the Lair of Beasts)
 24479 | Lair:7   | Found a viscous altar of Jiyva.
 24480 | Lair:7   | Found a staircase to the Slime Pits.
 24644 | Lair:7   | Learned a level 5 spell: Agony
 24743 | Lair:7   | Reached skill level 15 in Necromancy
 24743 | Lair:7   | Gained mutation: You resist negative energy. [Deep Dwarf growth]
 24743 | Lair:7   | Reached XP level 14. HP: 123/123 MP: 22/22
 25446 | Lair:7   | Reached skill level 5 in Maces & Flails
 25613 | Lair:8   | Entered Level 8 of the Lair of Beasts
 26269 | Lair:8   | HP: 4/123 [boulder beetle (19)]
 26481 | Lair:8   | Got a fine gossamer ring
 26494 | Lair:8   | Identified the ring of the Visionary {Ice rElec Dex+3} (You found it on level 8 of the Lair of Beasts)
 26784 | Lair:8   | Found a runed door.
 27450 | Lair:8   | Learned a level 5 spell: Bolt of Draining
 27704 | Orc:1    | Entered Level 1 of the Orcish Mines
 27831 | Orc:1    | Noticed Maud
 28023 | Orc:1    | Killed Maud
 28023 | Orc:1    | Reached skill level 1 in Conjurations
 28110 | Orc:2    | Entered Level 2 of the Orcish Mines
 28112 | Orc:2    | Noticed an orc warlord
 28136 | Orc:2    | Found Yqadacesk's Jewellery Shoppe.
 28141 | Orc:2    | Noticed a cacodemon
 28145 | Orc:2    | Found Ecieror's Antique Weapon Shoppe.
 28146 | Orc:2    | Noticed an orc warlord
 28157 | Orc:2    | Found Dike Zodgh's Antique Armour Boutique.
 28191 | Orc:2    | Gained mutation: You are weak. (Str -2) [a neqoxec]
 28191 | Orc:2    | Gained mutation: Your magical capacity is low (-10% MP). [a neqoxec]
 28192 | Orc:2    | Gained mutation: Your spells are a little easier to cast, but a little less powerful. [a neqoxec]
 28196 | Orc:2    | Lost mutation: You are weak. (Str -2) [potion of cure mutation]
 28196 | Orc:2    | Lost mutation: Your spells are a little easier to cast, but a little less powerful. [potion of cure mutation]
 28196 | Orc:2    | Lost mutation: Your magical capacity is low (-10% MP). [potion of cure mutation]
 28213 | Orc:2    | Mangled by an orc warrior

Vault maps used:
D:1:      minmay_arrival_cross, minivault_26
D:2:      nicolae_qazlal_style_of_elements
D:3:      minmay_misc_feat_diagonals
D:4:      kennysheep_goblin_castle, minmay_temple_entry_statues, first_bread
D:5:      gammafunk_temple_overflow_pools, portal_sewer_entry_b, serial_glass,
          glass_columns_a, glass_columns_a, glass_columns_c, glass_columns_a,
          serial_park_tiny_1
D:6:      grunt_dithmenos_smoke_and_mirrors, cheibrodos_ashenzari_chains,
          nemelex_diamond_rough_becter
D:7:      overflow_temple_1_default, lemuel_round_altar, serial_shops, shop,
          kennysheep_dice
D:8:      black_bear_nest_2, dk_rats_in_the_wall
D:9:      overflow_temple_1_default, enter_bailey_3, uniq_grum
D:10:     hangedman_stone_soup, uniq_psyche
D:11:     dpeg_lair_monsters, kennysheep_orc_monster_closet_entryway,
          serial_shops, nicolae_shop_competitors_out_of_business,
          minmay_door_square, minivault_29
Temple:   dpeg_five_rooms_temple_12
Lair:1:   uniq_joseph
Lair:4:   serial_forest, infiniplex_forest_clump_small,
          infiniplex_forest_clump_diagonal, infiniplex_forest_diagonal,
          infiniplex_forest_join, infiniplex_forest_clump_curved,
          bh_autumn_forest_stairs
Lair:5:   swamp_mist, minmay_snake_entry_guardpost_medium, lab_entry_generic,
          grunt_forest_large_clearings
Lair:6:   lemuel_fruit_fields
Lair:7:   slime_altar_1, wad_woods_river_01, grunt_megastairs_4
Lair:8:   wormcave, hangedman_lair_in_review, grunt_forest_small_clearing_treed
Orc:1:    lightli_church_of_beogh, uniq_maud, uniq_snorg
Orc:2:    grunt_orc_gardens, grunt_orc_garden, grunt_orc_garden,
          grunt_orc_garden, grunt_orc_garden, serial_shops, shop,
          nicolae_volcano_entry_hallway
Lab:      nicolae_lab_dead_adventurers, nicolae_lab_garden, nicolae_lab_diamond,
          labyrinth_fake_exit, nicolae_lab_grate, lab_fountain,
          labyrinth_skeletal_remains, nicolae_lab_stuck, lab_statue,
          nicolae_lab_checkerboard
Sewer:    sewer_kobolds
Bailey:   bailey_polearm_4, bailey

Action                   |  1- 3 |  4- 6 |  7- 9 | 10-12 | 13-15 || total
-------------------------+-------+-------+-------+-------+-------++-------
Melee: Mace              |    43 |    61 |    71 |       |       ||   175
       Whip              |       |       |   266 |   225 |       ||   491
       Flail             |       |       |     7 |   748 |   107 ||   862
       Morningstar       |       |       |       |    27 |       ||    27
       Eveningstar       |       |       |       |       |  1385 ||  1385
 Fire: Blowgun           |       |       |     3 |     3 |       ||     6
Throw: Throwing net      |       |       |       |     1 |       ||     1
 Cast: Pain              |    79 |    36 |    59 |   135 |       ||   309
       Vampiric Draining |     6 |    24 |    86 |   152 |   128 ||   396
       Control Undead    |       |       |     4 |    11 |       ||    15
       Dispel Undead     |       |       |       |     6 |     1 ||     7
       Repel Missiles    |       |       |       |       |     2 ||     2
       Agony             |       |       |       |       |     4 ||     4
Invok: Lesser Servant of |       |       |       |     1 |       ||     1
       Greater Servant o |       |       |       |       |     1 ||     1
 Abil: Evoke Berserk Rag |       |       |       |     4 |     7 ||    11
Evoke: Wand              |       |       |     9 |     7 |    10 ||    26
  Use: Scroll            |     5 |     6 |     9 |    14 |    25 ||    59
       Potion            |       |     1 |     3 |     3 |     4 ||    11
 Stab: Sleeping          |       |       |     1 |     2 |     5 ||     8
       Distracted        |       |       |       |     3 |     1 ||     4
       Betrayed ally     |       |       |       |     1 |       ||     1
       Held in net/web   |       |       |       |     1 |       ||     1
  Eat: Chunk             |     8 |    13 |    31 |    49 |    40 ||   141
       Royal jelly       |       |       |       |     5 |     1 ||     6
       Beef jerky        |       |       |       |     1 |     1 ||     2
       Meat ration       |       |       |       |       |     1 ||     1
       Fruit             |       |       |       |       |     1 ||     1
